 Dungeon Crawl Stone Soup version 0.25-a0-617-g20d90ebb82 (webtiles) character file.

Game seed: 10738720802202414977, levelgen mode: deterministic

13749 Haet the Geomancer (level 12, -7/66 HPs)
             Began as a Gargoyle Earth Elementalist on Mar 18, 2020.
             Was a High Priest of Vehumet.
             Killed from afar by an orc wizard (32 damage)
             ... with an exploding inner flame
             ... hexed by the player character
             ... on level 12 of the Dungeon.
             The game lasted 00:41:07 (12037 turns).

Haet the Geomancer (Gargoyle Earth Elementalist)   Turns: 12037, Time: 00:41:08

Health: -7/66      AC: 14    Str: 11    XL:     12   Next: 9%
Magic:  22/31      EV: 13    Int: 26    God:    Vehumet [*****.]
Gold:   4440       SH:  0    Dex: 10    Spells: 17/29 levels left

rFire    . . .     SeeInvis .   m - +2 dagger (venom)
rCold    + . .     Gourm    .   (no shield)
rNeg     + . .     Faith    .   e - +1 robe {rC+}
rPois    ∞         Spirit   .   (helmet restricted)
rElec    +         Reflect  .   y - +1 cloak
rCorr    .         Harm     .   (no gloves)
MR       .....                  (no boots)
Stlth    ++........             s - amulet of magic regeneration
HPRegen  0.21/turn              v - ring of Honesty {MP+9 Int+4}
MPRegen  0.47/turn              f - +4 ring of slaying

@: slowed, very slow
A: horns 1, low mp 1, negative energy resistance 1, electricity resistance,
unbreathing, petrification resistance, rot immunity, AC +8
a: Renounce Religion


You were on level 12 of the Dungeon.
You worshipped Vehumet.
Vehumet was extremely pleased with you.
You were not hungry.

You visited 2 branches of the dungeon, and saw 13 of its levels.
You also visited: Bailey.

You collected 4440 gold pieces.

Inventory:

Hand Weapons
 m - a +2 dagger of venom (weapon)
 q - a +0 morningstar
 w - a +0 flail of freezing
 x - a +5 dire flail
Missiles
 a - 14 curare-tipped darts
 b - 128 stones (quivered)
Armour
 e - a +1 robe of cold resistance (worn)
 y - a +1 cloak (worn)
Magical Staves
 B - an uncursed staff of air {unknown}
Jewellery
 f - a +4 ring of slaying (right hand)
 i - an uncursed ring of ice
 s - an amulet of magic regeneration (around neck)
 u - an uncursed amulet of rage
 v - the ring of Honesty (left hand) {MP+9 Int+4}
   (You acquired it on level 7 of the Dungeon)

   [ring of magical power]

   It affects your intelligence (+4).
   It affects your magic capacity (+9).
 C - a +2 ring of slaying
Wands
 c - a wand of flame (8)
 l - a wand of digging (4)
 o - a wand of random effects (44)
Scrolls
 g - 2 scrolls of amnesia
 j - 3 scrolls of magic mapping
 k - 9 scrolls of teleportation
 n - 2 scrolls of enchant weapon
 t - 3 scrolls of immolation
 A - 3 scrolls of remove curse
 F - 3 scrolls of blinking
Potions
 p - a potion of ambrosia
 r - 2 potions of experience
 z - a potion of magic {unknown}
 D - 2 potions of stabbing {unknown}
 H - a potion of resistance
 I - 2 potions of flight
 K - 2 potions of haste
Miscellaneous
 h - a lightning rod (4/4)
Comestibles
 d - 12 rations


   Skills:
 + Level 4.1 Fighting
 + Level 3.6 Maces & Flails
 + Level 4.0 Armour
 + Level 3.5 Dodging
 - Level 2.1 Stealth
 + Level 9.4 Spellcasting
 + Level 10.6 Conjurations
   Level 0.7 Transmutations
 + Level 12.2 Earth Magic
 + Level 3.2 Evocations


You had 17 spell levels left.
You knew the following spells:

 Your Spells              Type           Power        Failure   Level  Hunger
a - Sandblast             Erth           ######       1%          1    None
b - Stone Arrow           Conj/Erth      ######       1%          3    None
c - Lee's Rapid Deconstr  Erth           ######....   1%          5    ####...
d - Mephitic Cloud        Conj/Pois/Air  ####....     1%          3    None

Your spell library contained the following spells:

 Spells                   Type           Power        Failure   Level  Hunger
 Ozocubu's Refrigeration  Ice            ##........   85%         6    ######.
 Passwall                 Tmut/Erth      #####...     1%          2    None
 Petrify                  Tmut/Erth      #####...     3%          4    #......
 Animate Skeleton         Necr           N/A          4%          1    None
 Pain                     Necr           ##..         4%          1    None
 Recall                   Summ/Tloc      N/A          14%         3    None
 Vampiric Draining        Necr           ##........   14%         3    None
 Animate Dead             Necr           N/A          43%         4    #......
 Agony                    Necr           ##......     80%         5    ####...
 Aura of Abjuration       Summ           ##........   80%         5    ####...
 Summon Demon             Summ           ##........   80%         5    ####...
 Summon Forest            Summ/Tloc      ##........   80%         5    ####...
 Summon Mana Viper        Hex/Summ       ##......     80%         5    ####...
 Shadow Creatures         Summ           N/A          100%        6    ######.


Dungeon Overview and Level Annotations

Branches:
Dungeon (12/15)            Temple (1/1) D:7            Lair (0/6) D:11
    Orc (0/2) D:9          Bailey (visited)

Altars:
Ashenzari
Cheibriados
Elyvilon
Fedhas
Gozag
Nemelex Xobeh
Sif Muna
Trog
Uskayaw
Vehumet
Wu Jian

Annotations:
D:6 3 runed translucent doors, dracos369's ghost, novice MfGl
D:10 3 runed translucent doors, Zentennen's ghost, novice OpWz


Innate Abilities, Weirdness & Mutations

You are resistant to torment.
Your stone body is resilient. (AC +8)
You are immune to poison.
You resist negative energy. (rN+)
You are resistant to electric shocks. (rElec)
You can survive without breathing.
You are immune to petrification.
You are immune to rotting.
You have a pair of small horns on your head.
Your magical capacity is low. (-10% MP)


Message History

The orc priest hits you but does no damage.
The orc wizard hits you but does no damage.
As you read the scroll of fear, it crumbles to dust.
You assume a fearsome visage.
The orc priest looks frightened!
The orc wizard looks frightened! x2; The centaur looks frightened! x4
Flame seeps out of the orc wizard. x2; The orc wizard looks more healthy.
The orc wizard is engulfed in blazing flames.
The orc wizard explodes!
The fiery explosion engulfs the centaur!!!
The centaur explodes!
The fiery explosion engulfs the orc priest!!
The orc priest explodes!
The fiery explosion engulfs the centaur!!
The centaur explodes!
Vehumet accepts your kill.
You feel your power returning. The fiery explosion engulfs you.
The fiery explosion engulfs the orc wizard!!!
The orc wizard explodes!
The fiery explosion engulfs you!!
You die...

## ############
.... ...c.......#
.c.).####§§§§....#
##$..).§§○§.....#
.......c§§§@.....#
.###########.....#
#.....# #.....#
#.....# #.....#
#.....# #....<#
#.....#


You could see 2 centaurs.

Vanquished Creatures
  An orc warlord (Bailey)
  A two-headed ogre (D:10)
  An unseen horror (D:12)
  An ugly thing (D:11)
  A manticore (D:10)
  An elephant (D:11)
  A centaur skeleton (D:11)
  Grinder (D:5)
  2 trolls
  2 hippogriffs
  2 wraiths
  A vampire (D:12)
  10 yaks
  Sigmund (D:4)
  A hungry ghost (D:9)
  Eustachio (D:5)
  A basilisk (D:11)
  Grum (D:10)
  Menkaure (D:6)
  A water moccasin (D:5)
  Duvessa (D:7)
  8 orc warriors
  2 necrophages
  A black bear (D:6)
  An eye of draining (D:10)
  7 ice beasts
  4 phantoms
  3 wolves (D:10)
  11 ogres
  5 centaurs
  2 crocodiles
  2 big kobolds
  2 bullfrogs
  Dowan (D:7)
  3 killer bees (D:10)
  3 scorpions
  9 wights
  3 howler monkeys
  4 crimson imps
  A centaur zombie (D:6)
  3 hounds
  9 orc priests
  A jelly (D:10)
  16 orc wizards
  A bullfrog skeleton (D:4)
  An iguana (D:10)
  6 worker ants
  Terence (D:3)
  A killer bee zombie (D:10)
  A hound zombie (D:10)
  A hound skeleton (D:4)
  2 worker ant zombies
  7 gnolls
  7 adders
  3 shadow imps
  An adder zombie (D:5)
  4 worms
  2 dart slugs (D:1)
  3 leopard geckos
  59 orcs
  A bat (D:1)
  A giant cockroach (D:3)
  11 goblins
  9 hobgoblins
  9 jackals
  6 quokkas
  2 ball pythons (D:2)
  5 frilled lizards
  A jackal zombie (D:8)
  31 kobolds
  A quokka zombie (D:6)
  6 rats (D:1)
317 creatures vanquished.

Vanquished Creatures (others)
  A jelly (D:5)
  A quokka zombie (D:5)
2 creatures vanquished.

Grand Total: 319 creatures vanquished

Notes
Turn   | Place    | Note
-------+----------+-------------------------------------------
     0 | D:1      | Haet the Gargoyle Earth Elementalist began the quest for
                  | the Orb.
     0 | D:1      | Reached XP level 1. HP: 10/10 MP: 3/3
   565 | D:1      | Reached skill level 4 in Earth Magic
   565 | D:1      | Reached XP level 2. HP: 15/15 MP: 5/5
  1239 | D:1      | Reached XP level 3. HP: 19/19 MP: 6/6
  1406 | D:1      | Learned a level 3 spell: Stone Arrow
  1546 | D:2      | Found a snail-covered altar of Cheibriados.
  1883 | D:2      | Reached skill level 1 in Conjurations
  1888 | D:2      | Reached XP level 4. HP: 24/24 MP: 8/8
  2498 | D:3      | Found a blossoming altar of Fedhas.
  2783 | D:3      | Noticed Terence
  2795 | D:3      | Killed Terence
  3426 | D:4      | Reached skill level 5 in Earth Magic
  3426 | D:4      | Reached XP level 5. HP: 28/28 MP: 8/10
  3433 | D:4      | Learned a level 5 spell: Lee's Rapid Deconstruction
  3473 | D:4      | Noticed Sigmund
  3506 | D:4      | Killed Sigmund
  3506 | D:4      | Reached XP level 6. HP: 30/32 MP: 2/11
  3644 | D:4      | Noticed a phantom
  3668 | D:4      | Killed a phantom
  3668 | D:4      | Reached skill level 6 in Earth Magic
  3911 | D:4      | Reached XP level 7. HP: 36/36 MP: 10/13
  4159 | D:4      | Found an ornate altar of the Wu Jian Council.
  4610 | D:5      | Entered Level 5 of the Dungeon
  4611 | D:5      | Found a radiant altar of Vehumet.
  4635 | D:5      | Became a worshipper of Vehumet
  4872 | D:5      | Reached skill level 5 in Spellcasting
  4872 | D:5      | Reached skill level 7 in Earth Magic
  4872 | D:5      | Reached XP level 8. HP: 40/41 MP: 4/15
  4889 | D:5      | Reached skill level 5 in Conjurations
  5032 | D:5      | Noticed a +0 dagger
  5033 | D:5      | Found a hide-covered altar of Uskayaw.
  5033 | D:5      | Noticed a +0 dagger
  5064 | D:5      | Found a bloodstained altar of Trog.
  5066 | D:5      | Found a white marble altar of Elyvilon.
  5067 | D:5      | Found a shattered altar of Ashenzari.
  5067 | D:5      | Found a sparkling altar of Nemelex Xobeh.
  5080 | D:5      | Noticed Grinder
  5083 | D:5      | Killed Grinder
  5348 | D:5      | Noticed Eustachio
  5358 | D:5      | Killed Eustachio
  5358 | D:5      | Reached skill level 8 in Earth Magic
  5378 | D:5      | Found a shimmering blue altar of Sif Muna.
  6089 | D:6      | Found a runed translucent gate.
  6089 | D:6      | Found a runed translucent gate.
  6089 | D:6      | Found a runed translucent gate.
  6089 | D:6      | Noticed dracos369's ghost (novice MfGl)
  6120 | D:6      | Reached XP level 9. HP: 45/45 MP: 16/18
  6134 | D:6      | Reached * piety under Vehumet
  6134 | D:6      | Offered knowledge of Magic Dart by Vehumet.
  6203 | D:6      | Reached skill level 9 in Earth Magic
  6207 | D:6      | Noticed Menkaure
  6209 | D:6      | Killed Menkaure
  6572 | D:7      | Noticed Duvessa
  6584 | D:7      | Noticed Dowan
  6586 | D:7      | Killed Duvessa
  6592 | D:7      | Killed Dowan
  6819 | D:7      | Reached ** piety under Vehumet
  6852 | D:7      | Offered knowledge of Searing Ray by Vehumet.
  6860 | D:7      | Identified 3 scrolls of acquirement
  6860 | D:7      | Identified the +1 buckler of the Burgomaster {rPois} (You
                  | acquired it on level 7 of the Dungeon)
  6860 | D:7      | Identified the Compendium of Confrontation (You acquired it
                  | on level 7 of the Dungeon)
  6865 | D:7      | Identified the ring of Honesty {MP+9 Int+4} (You acquired
                  | it on level 7 of the Dungeon)
  6890 | D:7      | Identified the Tome of Summoning and Lightness (You
                  | acquired it on level 7 of the Dungeon)
  7078 | D:7      | Found a staircase to the Ecumenical Temple.
  7088 | Temple   | Entered the Ecumenical Temple
  7131 | D:7      | Reached skill level 10 in Earth Magic
  7461 | D:8      | Gained mutation: Your magical capacity is low. (-10% MP)
                  | [potion of mutation]
  7461 | D:8      | Gained mutation: You have a pair of small horns on your
                  | head. [potion of mutation]
  7487 | D:8      | Offered knowledge of Mephitic Cloud by Vehumet.
  7492 | D:8      | Learned a level 3 spell: Mephitic Cloud
  7689 | D:9      | Reached XP level 10. HP: 50/50 MP: 19/19
  7707 | D:9      | Found an opulent altar of Gozag.
  7719 | D:9      | Reached *** piety under Vehumet
  7955 | D:9      | Found a staircase to the Orcish Mines.
  8045 | D:9      | Found a radiant altar of Vehumet.
  8160 | D:9      | Offered knowledge of Hailstorm by Vehumet.
  8535 | D:10     | Entered Level 10 of the Dungeon
  8606 | D:10     | Found a flagged portal.
  8608 | D:10     | Noticed a two-headed ogre
  8630 | D:10     | Reached skill level 11 in Earth Magic
  8632 | D:10     | Killed a two-headed ogre
  8651 | Bailey   | Entered a bailey
  8743 | Bailey   | Noticed an orc warlord
  8757 | Bailey   | Reached **** piety under Vehumet
  9004 | Bailey   | Offered knowledge of Ignite Poison by Vehumet.
  9150 | Bailey   | Found a runed translucent gate.
  9156 | Bailey   | Found a runed translucent gate.
  9157 | Bailey   | Found a runed translucent gate.
  9489 | Bailey   | Killed an orc warlord
  9489 | Bailey   | Reached skill level 1 in Maces & Flails
  9489 | Bailey   | Reached skill level 1 in Armour
  9489 | Bailey   | Reached skill level 1 in Evocations
  9489 | Bailey   | Reached XP level 11. HP: 57/57 MP: 3/21
  9718 | D:10     | Noticed a manticore
  9722 | D:10     | Killed a manticore
  9791 | D:10     | Reached skill level 10 in Conjurations
  9807 | D:10     | Noticed Grum
  9833 | D:10     | Killed Grum
 10325 | D:10     | Found a runed translucent gate.
 10327 | D:10     | Found a runed translucent gate.
 10329 | D:10     | Found a runed translucent gate.
 10330 | D:10     | Noticed Zentennen's ghost (novice OpWz)
 10603 | D:11     | Found a staircase to the Lair.
 10641 | D:11     | Noticed a red ugly thing
 10652 | D:11     | Killed a red ugly thing
 10924 | D:11     | Reached skill level 12 in Earth Magic
 11359 | D:12     | Reached ***** piety under Vehumet
 11377 | D:12     | Offered knowledge of Ozocubu's Refrigeration by Vehumet.
 11676 | D:12     | Killed an unseen horror
 11751 | D:12     | Reached XP level 12. HP: 66/66 MP: 17/22
 12037 | D:12     | Killed from afar by an orc wizard

Levels and vault maps discovered:
D:1:      psy_arrival_statuary, layout_basic
D:2:      layout_loops_ring, lemuel_doored_altar, nicolae_underground_beach
D:3:      layout_basic, fedhas_altar_1, lemuel_another_geyser, uniq_terence
D:4:      layout_loops_ring, kennysheep_mini, first_ration, uniq_sigmund
D:5:      layout_basic, tgw_sif, chequers_temple_overflow_statue_of_worship,
          dancing_weapons_uskayaw, fiery_altar_vehumet, grunt_decor_arrowhead,
          kennysheep_dice, uniq_grinder, uniq_eustachio
D:6:      layout_rooms, gammafunk_ghost_split, uniq_menkaure
D:7:      layout_loops_ring, minmay_temple_entry_proselytizer,
          hangedman_decor_riveting, uniq_duvessa
D:8:      layout_rooms, serial_glass, glass_columns_b, glass_columns_b
D:9:      layout_cave_pods, hiddenorc2_lemuel, basic_altar, grunt_gozag_statues
D:10:     layout_loops_ring, ebering_ghost_rock_garden, enter_bailey_6,
          uniq_grum
D:11:     layout_big_octagon, david_lair_generic
D:12:     layout_stronghold
Temple:   minmay_temple_bridge_abc

Skill      XL: |  1  2  3  4  5  6  7  8  9 10 11 12 |
---------------+-------------------------------------+-----
Earth Magic    | 4 5 6 7 8 10 11 12 | 12.2
Conjurations   | 1 2 3 4 6 8 9 10 | 10.6
Spellcasting   | 3 4 5 6 7 8 9 |  9.4
Fighting       | 2 4 |  4.1
Maces & Flails | 1 3 |  3.6
Armour         | 1 3 4 |  4.0
Dodging        | 2 3 |  3.5
Evocations     | 1 3 |  3.2
Stealth        | |  2.1
Transmutations | |  0.7

Action                   |  1- 3 |  4- 6 |  7- 9 | 10-12 || total
-------------------------+-------+-------+-------+-------++-------
Melee: Club              |    22 |       |       |       ||    22
       Unarmed           |     5 |       |       |       ||     5
       Dagger            |    51 |    43 |   153 |   233 ||   480
       Headbutt          |       |       |       |    33 ||    33
Throw: Dart              |     4 |     3 |     4 |       ||    11
 Cast: Sandblast         |    11 |    28 |    78 |   154 ||   271
       Stone Arrow       |       |     1 |     8 |    26 ||    35
       Lee's Rapid Decon |       |       |    13 |    31 ||    44
       Mephitic Cloud    |       |       |       |    18 ||    18
Evoke: Wand              |     1 |     1 |       |     1 ||     3
  Use: Scroll            |       |    12 |    11 |     5 ||    28
       Potion            |       |     5 |     5 |     2 ||    12
 Stab: Sleeping          |     2 |     5 |     2 |       ||     9
       Confused          |       |       |       |     1 ||     1
  Eat: Chunk             |     3 |     3 |    16 |    17 ||    39
       Ration            |       |     1 |       |     1 ||     2
Armor: Robe              |    24 |    13 |    88 |   142 ||   267
       Skin              |       |     7 |       |       ||     7
Dodge: Dodged            |    41 |    17 |   107 |   219 ||   384
Block: Other             |     1 |       |       |       ||     1

Table legend:
 A = Non-vault XP
 B = Vault XP
 C = Vault XP percentage of total XP
 D = Non-vault monster count
 E = Vault monster count
 F = Vault count percentage of total count
                 A         B        C        D         E       F
            +---------+---------+-------+---------+---------+-------
      Total |   14365 |    5277 |  26.9 |     240 |      77 |  24.3
            +---------+---------+-------+---------+---------+-------
        D:1 |      37 |       0 |   0.0 |      20 |       0 |   0.0
        D:2 |      56 |       0 |   0.0 |      15 |       0 |   0.0
        D:3 |      18 |      36 |  66.7 |       7 |       1 |  12.5
        D:4 |     569 |     208 |  26.8 |      15 |       1 |   6.2
        D:5 |     611 |     580 |  48.7 |      17 |       4 |  19.0
        D:6 |     930 |     172 |  15.6 |      19 |       1 |   5.0
        D:7 |     735 |     263 |  26.4 |      33 |       3 |   8.3
        D:8 |     407 |       6 |   1.5 |      14 |       2 |  12.5
        D:9 |     828 |     455 |  35.5 |       8 |      30 |  78.9
       D:10 |    3843 |     525 |  12.0 |      44 |       4 |   8.3
       D:11 |    2214 |     932 |  29.6 |      12 |       4 |  25.0
       D:12 |    4117 |       0 |   0.0 |      36 |       0 |   0.0
     Bailey |       0 |    2100 | 100.0 |       0 |      27 | 100.0
            +---------+---------+-------+---------+---------+-------
